cohdb
Replays
Latest Replays
All Replays
Popular Replays
Top Player Replays
Match Explorer
How It Works
Community
CoH3 Stats
Reddit
Sign in to upload your games and track your stats! →
Sign in with Steam
Match 43528697
Unlisted
Match 43528697
Overview
Messages
Build Orders
End
Selects Luftwaffe Battlegroup
Selects Luftwaffe Pioneer Support
Construct Infanterie Kompanie
Fallschirmpioneer Squad Paradrop
MG 42 Machine Gun Team
Fallschirmpioneer Squad Paradrop
Construct Panzergrenadier Kompanie
Selects Reconnaissance Run
Fallschirmpioneer Squad Paradrop
251 Medium Carrier
Selects Fallschirmjäger Squad Paradrop
Fallschirmjäger Squad Paradrop
Forward Retreat Point
Fallschirmjäger Squad Paradrop
Construct Panzer Kompanie
Reconnaissance Run
Panzer IV Medium Tank
Panzer Officer Quarters
Selects Stuka Loiter
Stuka Loiter
Panzer IV Medium Tank
RhumsteaK
King Raptor
SHELDONATOR
Böses im Busch
Take the beer and watch my game
Leonard
likvidator2141
LX_IX
0
0
Comments
sign in to comment!
No comments posted yet!